AoeStats
← UNCLE J

MegaRandom

505062780Analyzed
1v1 RM · 25d ago on Sep 7, 2026· 36m 55s· 2 players
Game mode
Random Map
Map size
Tiny (2 player)
Population
200
Speed
Normal
Resources
Standard
Victory
Conquest
Starting age
Dark Age
Ending age
Imperial Age
RankedLock teamsTeams togetherTeam positionsShared explorationLock speedFull tech treeHidden civsTurbo modeCheats
Victory
Defeat
🇫🇷 Hindustanis · France
977
+15
🇪🇪 Gurjaras · Estonia
955
-15
UNCLE J
6:54 Loom
14:20 Feudal Age
20:02 Bloodlines
21:10 Forging
21:06 Scale Barding Armor
31:27 Castle Age
33:06 Double-Bit Axe
Maxpid
12:25 Feudal Age
13:17 Horse Collar
13:30 Double-Bit Axe
14:15 Bloodlines
15:32 Loom
23:55 Castle Age
24:50 Crossbowman
25:21 Pikeman
30:08 Light Cavalry
31:16 Stone Mining
36:38 Fletching
36:48 Padded Archer Armor
36:59 Forging
36:49 Scale Mail Armor
36:54 Scale Barding Armor
Connection lost

Rejoining the realm…

Still unreachable

The connection could not be restored.

Session expired

The server has moved on; the page needs a fresh start.